 Dungeon Crawl Stone Soup version 0.18-a0-74-gda9d8c9 (webtiles) character file.

4512 Duffy the Summoner (level 10, -3/68 HPs)
             Began as a Merfolk Summoner on Nov 12, 2015.
             Was a Priest of Sif Muna.
             Killed from afar by a centaur (16 damage)
             ... with a wand of cold
             ... on level 10 of the Dungeon.
             The game lasted 00:30:48 (12089 turns).

Duffy the Summoner (Merfolk Summoner)              Turns: 12089, Time: 00:30:48

Health: -3/68      AC:  4    Str:  9    XL:     10   Next: 39%
Magic:  10/21      EV: 16    Int: 17    God:    Sif Muna [***...]
Gold:   495        SH:  0    Dex: 15    Spells: 6 memorised, 7 levels left

rFire  . . .     SeeInvis +     b - +2 spear (venom)
rCold  . . .     Clarity  .     w - +0 robe
rNeg   . . .     SustAt   .     (no shield)
rPois  .         Gourm    .     (no helmet)
rElec  .         Spirit   .     v - +1 cloak
rCorr  .         Warding  .     (no gloves)
rMut   .         Stasis   .     (no boots)
MR     .....                    s - amulet of regeneration
Stlth  ++........               C - ring of see invisible
                                o - +3 ring of evasion

@: not resistant to hostile enchantments, unstealthy
A: change form in water, swift swim
a: Channel Energy, Forget Spell, Renounce Religion


You were on level 10 of the Dungeon.
You worshipped Sif Muna.
Sif Muna was most pleased with you.
You were hungry.

You visited 1 branch of the dungeon, and saw 10 of its levels.

You collected 495 gold pieces.


   Skills:
 - Level 2.5 Fighting
 - Level 2.6 Dodging
 - Level 2.1 Stealth
 + Level 7.8 Spellcasting
 * Level 10.8 Summonings
 - Level 4.0 Ice Magic
 + Level 5.6 Invocations


You had 7 spell levels left.
You knew the following spells:

 Your Spells              Type           Power        Failure   Level  Hunger
a - Summon Small Mammal   Summ           ####         1%          1    None
h - Summon Lightning Spi  Summ/Air       ####....     14%         4    ###....
i - Call Imp              Summ           #####...     1%          2    None
j - Summon Guardian Gole  Hex/Summ       ####....     4%          3    #......
l - Summon Ice Beast      Ice/Summ       ####....     8%          4    ###....
n - Call Canine Familiar  Summ           #####...     1%          3    #......

Inventory:

Hand Weapons
 b - a +2 spear of venom (weapon)
 u - a +3 quarterstaff of chaos
Missiles
 f - 365 stones (quivered)
 x - 2 throwing nets
 I - 6 poisoned javelins
 O - 28 poisoned needles
Armour
 v - a +1 cloak (worn)
 w - a +0 robe (worn)
 z - a +1 ring mail of cold resistance
Magical Staves
 a - an uncursed staff of summoning {!a}
 c - an uncursed staff of wizardry
Jewellery
 o - a +3 ring of evasion (left hand)
 s - an amulet of regeneration (around neck)
 C - a ring of see invisible (right hand)
 R - an uncursed ring of sustain attributes
Wands
 F - a wand of polymorph (13)
 L - a wand of fireball (9)
 P - a wand of draining (5)
 Q - a wand of magic darts (27)
Scrolls
 k - 3 scrolls of teleportation
 q - 2 scrolls of recharging
 r - 4 scrolls of enchant armour
 y - 3 scrolls of remove curse
 G - 3 scrolls of magic mapping
 K - a scroll of vulnerability {unknown}
 N - a scroll of fear {unknown}
 T - a scroll of enchant weapon {unknown}
 U - a scroll of random uselessness {unknown}
 V - a scroll of noise {unknown}
 W - a scroll of amnesia {unknown}
Potions
 d - 5 potions of haste
 e - 5 potions of curing
 g - a potion of ambrosia
 h - 2 potions of agility
 j - a potion of lignification
 l - 2 potions of might
 m - 2 potions of invisibility
 t - a potion of cure mutation
 A - a potion of brilliance
 H - 4 potions of resistance
 M - a potion of flight
Books
 p - a book of Callings
 J - a book of Power
Miscellaneous
 n - a plain deck of wonders
Comestibles
 i - 3 meat rations
 B - 3 fruits
 D - a beef jerky
 E - a slice of pizza
 S - 7 bread rations

Dungeon Overview and Level Annotations

Branches:
Dungeon (10/15)            Temple (0/1) D:6            Lair (0/8) D:9
    Orc (0/4) D:10

Altars:
Dithmenos
Fedhas
Gozag
Makhleb
Nemelex Xobeh
Qazlal
Ru
Sif Muna
Vehumet
Xom
Yredelemnul
Zin

Shops:
D:7 }


Message History

The arrow of flame burns you.
You see here an arrow of flame.
Cast which spell? (? or * to list)
You feel a surge of power! A chill wind blows around you.
The centaur zaps a wand.
The bolt of cold misses you.
It is a wand of cold.
The centaur unwields an uncursed shortbow.
The centaur closely misses you.
It begins to drip with poison!
b - a +2 spear of venom (weapon)
Your ice beast disappears in a puff of smoke!
The centaur zaps a wand.
The bolt of cold hits you!
Attack whom?
Press: ? - help, Dir - move target cursor, f - centaur
Aim: a centaur, carrying a wand of cold {zapped: 2} You hit the centaur.
The centaur is moderately wounded.
The centaur zaps a wand.
The bolt of cold hits you!
Your ice beast hits the centaur.
Your ice beast freezes the centaur!
Attack whom?
Press: ? - help, Dir - move target cursor, f/p - centaur
Aim: a centaur, carrying a wand of cold {zapped: 3} (severely wounded)
You hit the centaur.
The centaur is poisoned.
The centaur is severely wounded.
The centaur misses you.
Your ice beast barely misses the centaur.
The centaur zaps a wand.
The bolt of cold hits you!
Attack whom?
Press: ? - help, Dir - move target cursor, f/p - centaur
Aim: a centaur, carrying a wand of cold {zapped: 4} (almost dead, poisoned)
You completely miss the centaur.
The centaur is almost dead.
The centaur barely misses you.
Your ice beast barely misses the centaur.
The centaur zaps a wand.
The bolt of cold hits you!
You die...

#.# #.# #..##. .# #..##...# #.#
#.# #..##. .# #..##...# #.# #.#
#..##. .# #..##...# #.# #.#
#..##. .# #..##...# #.# #.#
##..##. .# #..##...# #.# #.#
#...... .# #..##...# #.# #.#
#...#.. .# #..##...###.#
#.###...##.
.#####..##....((@######.......###
.............(..Ych........###.#
########################.#..# #)#
#.##..# ## #.# #... #.. .### ##.
## .. ..


You could see a black bear, a centaur and a friendly ice beast.

Action                   |  1- 3 |  4- 6 |  7- 9 | 10-12 || total
-------------------------+-------+-------+-------+-------++-------
Melee: Spear             |     9 |   120 |    68 |     8 ||   205
Throw: Stone             |     2 |     3 |    28 |     3 ||    36
 Cast: Summon Small Mamm |    36 |     1 |     2 |       ||    39
       Call Imp          |    12 |    26 |    38 |       ||    76
       Call Canine Famil |     3 |    28 |    66 |     5 ||   102
       Summon Ice Beast  |       |       |    58 |    19 ||    77
       Summon Guardian G |       |       |     2 |     1 ||     3
       Summon Lightning  |       |       |       |     1 ||     1
Invok: Channel Energy    |       |       |    23 |     3 ||    26
  Use: Scroll            |       |     6 |    10 |       ||    16
 Stab: Distracted        |     1 |     2 |     3 |     1 ||     7
       Paralysed         |     1 |       |       |       ||     1
       Sleeping          |       |     5 |       |       ||     5
  Eat: Chunk             |     4 |    12 |    40 |     5 ||    61

Notes
Turn   | Place    | Note
--------------------------------------------------------------
     0 | D:1      | Duffy the Merfolk Summoner began the quest for the Orb.
     0 | D:1      | Reached XP level 1. HP: 13/13 MP: 3/3
   521 | D:1      | Reached XP level 2. HP: 14/19 MP: 1/5
   525 | D:1      | Learned a level 2 spell: Call Imp
   731 | D:1      | Found a sparkling altar of Nemelex Xobeh.
  1170 | D:2      | Found a blossoming altar of Fedhas.
  1267 | D:2      | Reached XP level 3. HP: 24/24 MP: 0/7
  1288 | D:2      | Learned a level 3 spell: Call Canine Familiar
  1594 | D:2      | Found a sacrificial altar of Ru.
  1596 | D:2      | Noticed Ijyb
  1617 | D:2      | Killed Ijyb
  1617 | D:2      | Reached skill level 3 in Spellcasting
  1618 | D:2      | Reached XP level 4. HP: 30/30 MP: 1/8
  2105 | D:2      | Noticed Crazy Yiuf
  2125 | D:2      | Killed Crazy Yiuf
  2125 | D:2      | Reached skill level 5 in Summonings
  2478 | D:2      | Noticed Sigmund
  2493 | D:2      | Killed Sigmund
  2493 | D:2      | Reached skill level 4 in Spellcasting
  2493 | D:2      | Reached XP level 5. HP: 35/35 MP: 3/11
  2493 | D:2      | Reached XP level 6. HP: 41/41 MP: 3/12
  2499 | D:2      | Learned a level 4 spell: Summon Ice Beast
  2503 | D:2      | Learned a level 3 spell: Summon Guardian Golem
  2817 | D:3      | Found an opulent altar of Gozag.
  3253 | D:3      | Reached skill level 1 in Ice Magic
  3740 | D:4      | Reached skill level 2 in Ice Magic
  4068 | D:4      | Reached skill level 3 in Ice Magic
  4208 | D:4      | Reached XP level 7. HP: 46/46 MP: 10/13
  4242 | D:4      | Reached skill level 6 in Summonings
  4353 | D:4      | Noticed Menkaure
  4368 | D:5      | Entered Level 5 of the Dungeon
  4396 | D:4      | Killed Menkaure
  4603 | D:4      | Reached skill level 4 in Ice Magic
  4974 | D:4      | Reached skill level 5 in Spellcasting
  5507 | D:5      | Reached XP level 8. HP: 52/52 MP: 7/16
  5588 | D:5      | Learned a level 4 spell: Summon Lightning Spire
  5827 | D:5      | Found a deep blue altar of Sif Muna.
  5833 | D:5      | Became a worshipper of Sif Muna the Loreminder
  5939 | D:5      | Noticed Duffy's ghost (novice FoSu)
  5953 | D:5      | Killed Duffy's ghost
  5953 | D:5      | Reached skill level 1 in Fighting
  5953 | D:5      | Reached skill level 7 in Summonings
  6079 | D:5      | Reached skill level 2 in Fighting
  6640 | D:6      | Found a staircase to the Ecumenical Temple.
  7320 | D:6      | Reached * piety under Sif Muna
  7504 | D:6      | Reached skill level 6 in Spellcasting
  7642 | D:7      | Found a stormy altar of Qazlal.
  7678 | D:7      | Reached skill level 8 in Summonings
  7780 | D:7      | Found a basalt altar of Yredelemnul.
  7789 | D:7      | Found a radiant altar of Vehumet.
  7798 | D:7      | Found a sparkling altar of Nemelex Xobeh.
  8071 | D:7      | Found Ucseegaops's Gadget Emporium.
  8097 | D:7      | Reached skill level 1 in Invocations
  8285 | D:7      | Reached XP level 9. HP: 62/62 MP: 14/18
  8457 | D:8      | Reached skill level 2 in Invocations
  8600 | D:8      | Found a glowing silver altar of Zin.
  8846 | D:8      | Reached ** piety under Sif Muna
  9138 | D:7      | Reached skill level 9 in Summonings
  9603 | D:9      | Reached skill level 3 in Invocations
  9784 | D:9      | Found a staircase to the Lair.
  9988 | D:9      | Found a shadowy altar of Dithmenos.
 10054 | D:9      | Reached skill level 7 in Spellcasting
 10410 | D:9      | Reached skill level 4 in Invocations
 10592 | D:9      | Found a shimmering altar of Xom.
 10592 | D:9      | Found a burning altar of Makhleb.
 10751 | D:9      | Reached skill level 10 in Summonings
 10858 | D:9      | Reached *** piety under Sif Muna
 11213 | D:10     | Entered Level 10 of the Dungeon
 11213 | D:10     | Noticed a centaur skeleton
 11220 | D:10     | Killed a centaur skeleton
 11220 | D:10     | Reached XP level 10. HP: 63/68 MP: 14/21
 11396 | D:10     | Found a staircase to the Orcish Mines.
 11451 | D:10     | Noticed a hill giant
 11461 | D:10     | Killed a hill giant
 11461 | D:10     | Reached skill level 5 in Invocations
 11590 | D:10     | Noticed a hill giant
 11602 | D:10     | Killed a hill giant
 12016 | D:10     | Noticed a hill giant
 12039 | D:10     | Killed a hill giant
 12089 | D:10     | Killed from afar by a centaur

Vault maps used:
D:1:      lightli_arrival_noodles, minmay_strange_pillars, nrook_mini_backslash,
          nemelex_deck
D:2:      lemuel_doored_altar, nicolae_ru_great_annihilating_truth, first_bread,
          uniq_crazy_yiuf_cottage, uniq_sigmund, uniq_iyjb
D:3:      nicolae_gozag_cash_rules_everything_around_me
D:4:      uniq_menkaure
D:5:      lemuel_round_altar
D:6:      minmay_temple_entry_statues_fountains
D:7:      gammafunk_temple_overflow_forgotten, elyvilon_altar_1,
          grunt_qazlal_clouds, serial_bayou, serial_bayou_crossing,
          serial_bayou_shore_a, serial_bayou_pond_a, serial_bayou_ford_a,
          serial_bayou_pond_a, serial_bayou_pond_b, serial_shops, shop,
          supply_closet_lemuel, grunt_ogre_cave
D:8:      overflow_temple_1_default
D:9:      grunt_temple_overflow_champion_of_chaos,
          nicolae_dithmenos_through_a_glass_darkly, dpeg_oklobed_lair,
          special_room
D:10:     cheibrodos_stairvault_heist, orc_0_dummy, corexii_leaking_fountain,
          kb_rosetta

Vanquished Creatures
  3 hill giants
  A centaur skeleton
  The ghost of Duffy the Caller, a novice FoSu Sigmund
  A deep elf mage
  6 yaks
  A hippogriff
  A vampire mosquito
  A hungry ghost Menkaure
  A water moccasin
  2 sky beasts
  5 orc warriors
  A necrophage
  4 ogres
  3 ice beasts
  A wasp
  2 phantoms
  5 centaurs
  A crocodile
  4 giant frogs
  A gnoll sergeant
  A water moccasin skeleton
  4 scorpions
  8 wights
  4 killer bees
  3 jellies
  6 crimson imps
  3 giant frog zombies
  6 hounds Crazy Yiuf Ijyb
  4 orc priests
  11 orc wizards
  2 centaur zombies
  4 giant frog skeletons
  3 iguanas
  9 worker ants
  2 worker ant zombies
  9 adders
  11 gnolls
  2 shadow imps
  A giant eyeball
  An adder zombie
  6 giant geckos
  57 orcs
  6 giant cockroaches
  8 goblins
  7 hobgoblins
  18 jackals
  5 quokkas
  A ball python
  6 bats
  3 giant newts
  A jackal skeleton
  9 kobolds
  A quokka skeleton
  9 rats
  A fungus
281 creatures vanquished.
